 Dungeon Crawl Stone Soup version 0.28.0-1-gb440e238dd (webtiles) character file.

Game seed: 11242291727272631972

194601 browni3141 the Executioner (level 17, -2/146 (185) HPs)
             Began as a Minotaur Berserker on Feb 19, 2022.
             Was a High Priest of Trog.
             Slain by JustinTrotter's ghost (30 damage)
             ... on level 15 of the Dungeon.
             The game lasted 01:01:11 (39329 turns).

browni3141 the Executioner (Minotaur Berserker)    Turns: 39329, Time: 01:01:12

HP:   -2/146 (185)  AC: 27    Str: 38    XL:     17   Next: 68%
MP:   16/16         EV:  9    Int:  4    God:    Trog [*****.]
Gold: 698           SH:  0    Dex: 10    Spells: 16/16 levels left

rFire   + + .      SeeInvis .   N - +9 executioner's axe (freeze)
rCold   . . .      Faith    .   (shield currently unavailable)
rNeg    . . .      Spirit   .   f - +2 plate armour {rPois} {@f3}
rPois   +          Reflect  .   (helmet restricted)
rElec   .          Harm     .   g - +0 cloak
rCorr   .          Rampage  .   x - +2 pair of gloves
Will    +....                   o - +2 pair of boots of Yjied {Str+2}
Stlth   ..........              j - amulet of Vitality {Regen+ HP+15}
HPRegen 1.14/turn               k - ring "Kuirgh" {Contam rF+ AC+4 Str+2}
MPRegen 0.15/turn               S - +6 ring of strength

@: about to teleport, corroded, on berserk cooldown, slowed, heavily drained,
very slow
A: horns 2, retaliatory headbutt, clumsy 1, fire resistance 1, subdued magic 1
}: 1/15 runes: serpentine
a: Renounce Religion, Berserk, Trog's Hand, Brothers in Arms


You were on level 15 of the Dungeon.
You worshipped Trog.
Trog was extremely pleased with you.
You visited 4 branches of the dungeon, and saw 27 of its levels.
You also visited: Gauntlet.

You collected 3086 gold pieces.
You spent 2388 gold pieces at shops.


Innate Abilities, Weirdness & Mutations

You have a pair of horns on your head.
You reflexively headbutt those who attack you in melee.
You are clumsy. (Dex -2)
Your flesh is heat resistant. (rF+)
Your spells are a little easier to cast, but a little less powerful.


   Skills:
 - Level 20.0 Fighting
 * Level 23.1 Axes
 - Level 16.0 Throwing
 - Level 14.0 Armour
 - Level 2.1 Dodging
 - Level 5.0 Evocations


You had 16 spell levels left.
You didn't know any spells.
Your spell library was empty.

Inventory:

Hand Weapons
 N - a +9 executioner's axe of freezing (weapon)
Missiles
 n - 2 silver javelins
 z - 7 javelins
 D - 10 boomerangs (quivered)
 I - 4 silver boomerangs
 R - 7 curare-tipped darts {@f4}
Armour
 f - a +2 plate armour of poison resistance (worn) {@f3}
 g - a +0 cloak (worn)
 o - the +2 pair of boots of Yjied (worn) {Str+2}
   (You found it on level 3 of the Lair of Beasts)

   Str:       It affects your strength (+2).
 x - a +2 pair of gloves (worn)
Jewellery
 e - the amulet of Gapsymiesu {RegenMP rElec rC+ Dex+3}
   (You bought it in a shop on level 2 of the Snake Pit)

   [amulet of magic regeneration]

   It increases your rate of magic regeneration.
   Dex:       It affects your dexterity (+3).
   rC:        It protects you from cold.
   rElec:     It insulates you from electricity.
 j - the amulet of Vitality (around neck) {Regen+ HP+15}
   (You found it on level 2 of the Snake Pit)

   [amulet of regeneration]

   HP:        It affects your health (+15).
   Regen:     It increases your rate of health regeneration.
 k - the ring "Kuirgh" (left hand) {Contam rF+ AC+4 Str+2}
   (You found it in a Gauntlet)

   [ring of protection]

   AC:        It affects your AC (+4).
   Str:       It affects your strength (+2).
   rF:        It protects you from fire.
   Contam:    It causes magical contamination when unequipped.
 q - the ring "Doptoadi" {Fly rN++ Will+ Str-5 Int+2}
   (You found it in a Gauntlet)

   [ring of flight]

   Str:       It affects your strength (-5).
   Int:       It affects your intelligence (+2).
   rN:        It greatly protects you from negative energy.
   Fly:       It grants you flight.
   Will:      It increases your willpower.
 u - the ring "Baraxef" {*Slow rN+ rCorr Dex+2}
   (You found it on level 13 of the Dungeon)

   [ring of resist corrosion]

   Dex:       It affects your dexterity (+2).
   rN:        It protects you from negative energy.
   rCorr:     It protects you from acid and corrosion.
   *Slow:     It may slow you when you take damage.
 v - a ring of see invisible
 M - a ring of willpower
 S - a +6 ring of strength (right hand)
Wands
 a - a wand of charming (14)
 t - a wand of acid (7)
 E - a wand of digging (8)
 O - a wand of polymorph (17)
 U - a wand of paralysis (3)
 V - a wand of mindburst (6)
Scrolls
 i - 2 scrolls of vulnerability {!r}
 s - 6 scrolls of silence {!r}
 w - 2 scrolls of fog {@r5}
 y - 3 scrolls of blinking {@r3}
 A - 6 scrolls of teleportation {@r4}
 B - 8 scrolls of enchant armour
 C - 2 scrolls of brand weapon
 F - a scroll of fear
 G - 3 scrolls of magic mapping
 H - a scroll of enchant weapon
 K - 2 scrolls of holy word
 T - 4 scrolls of immolation {!r}
 Y - 2 scrolls of torment {!r}
 Z - 6 scrolls of summoning
Potions
 c - 4 potions of haste {@q3}
 h - 6 potions of lignification {!q}
 l - 10 potions of curing {@q1}
 m - 4 potions of might
 r - 3 potions of heal wounds {@q2}
 J - 6 potions of attraction {!q}
 L - 4 potions of cancellation
 P - 5 potions of magic
 W - 3 potions of flight
Miscellaneous
 b - a condenser vane
 d - a lightning rod (4/4)
 p - a phial of floods
 Q - a piece from Xom's chessboard (15/15)

Dungeon Overview and Level Annotations

Branches:
Dungeon (15/15)            Temple (0/1) D:4            Lair (6/6) D:8
 Shoals (0/4) Lair:4        Snake (4/4) Lair:3        Slime (0/5) Lair:6
    Orc (2/2) D:11            Elf (0/3) Orc:2        Vaults (0/5) D:13
 Depths (0/4) D:15        Gauntlet (visited)

Altars:
Fedhas
Kikubaaqudgha
Nemelex Xobeh
Qazlal
Vehumet
Yredelemnul
Beogh
Jiyva

Shops:
D:7 *   D:8 *   D:10 (   D:12 !   Orc:2 [=**(   Snake:2 =   Snake:3 *
Snake:4 [*(*[

Portals:
Abyss: D:3
Trove: D:12 (give 8 potions of haste)

Annotations:
D:13 exclusion: oklob plant
D:15 1 transporter, JustinTrotter's ghost, adept MfCK
Lair:2 exclusion: downstairs
Lair:4 3 runed translucent doors, exclusion: 3 doors, Gyrgh's ghost, journeyman TrBe
Lair:5 exclusion: downstairs
Snake:3 exclusion: 2 downstairs

.##.# #.# ###.# .##.# #.#### #.#
.##.###....## #.#
........##..###### #.#####
##...............##### #......
#.###..¦¦¦©¦¦¦¦.....######..####
#.##..¦¦.¦¦¦..¦¦¦¦¦.........# #
#.##.¦¦......#....¦..######## #
##.##.¦....#...#@..¦¦.#
#...#.¦..##|.#.!W...¦.#
..#...¦...#..D..##.©¦.#
#....¦¦.#.....#..$..¦.#
##.#.¦....###[..##.¦¦.#
#.#.¦¦..#.?}![$...¦..# #.#..¦¦¦.
¦¦¦¦¦..¦¦.##
#......¦¦¦¦.©.¦¦¦¦..#
###................##


You could see a shadow dragon (catching breath) and JustinTrotter's ghost.


Message History

The bolt of negative energy hits JustinTrotter's ghost.
JustinTrotter's ghost completely resists.
You slash JustinTrotter's ghost! You freeze JustinTrotter's ghost.
JustinTrotter's ghost is lightly damaged.
JustinTrotter's ghost hits you!
* * * LOW HITPOINT WARNING * * *
x2 You slice JustinTrotter's ghost!!
You freeze JustinTrotter's ghost.
Your headbutt misses JustinTrotter's ghost.
JustinTrotter's ghost is moderately damaged.
The shadow dragon breathes negative energy at you.
The bolt of negative energy misses you.
The bolt of negative energy misses JustinTrotter's ghost.
You miss JustinTrotter's ghost.
JustinTrotter's ghost is moderately damaged.
JustinTrotter's ghost hits you!!
* * * LOW HITPOINT WARNING * * *
x2 You are too injured to fight recklessly!
You are too injured to fight recklessly!
You feel a strong urge to attack something.
You see here a potion of magic.
You are no longer berserk.
You are exhausted.
You feel yourself slow down.
As you read the scroll of teleportation {@r4}, it crumbles to dust.
You feel strangely unstable.
The shadow dragon breathes negative energy at you.
The bolt of negative energy hits you!!!
You feel drained.
* * * LOW HITPOINT WARNING * * *
You feel much better. JustinTrotter's ghost hits you!!
You die...

Skill      XL: |  1  2  3  4  5  6  7  8  9 10 11 12 13 14 15 16 17 |
---------------+----------------------------------------------------+-----
Axes           | 4 5 6 7 9 10 12 13 14 15 17 18 20 23 | 23.1
Fighting       | 4 5 6 7 9 10 12 13 14 16 17 18 20 | 20.0
Armour         | 3 4 5 6 7 8 9 10 11 12 13 14 | 14.0
Throwing       | 3 5 7 9 10 11 13 14 16 | 16.0
Evocations     | 3 5 |  5.0
Dodging        | |  2.1

Action                   |  1- 3 |  4- 6 |  7- 9 | 10-12 | 13-15 | 16-18 || total
-------------------------+-------+-------+-------+-------+-------+-------++-------
Melee: Hand axe          |    79 |    49 |       |       |       |       ||   128
       Headbutt          |     9 |    12 |    25 |    88 |   109 |   109 ||   352
       Punch             |     1 |     1 |       |     3 |       |       ||     5
       War axe           |       |    58 |   170 |   268 |       |       ||   496
       Executioner's axe |       |       |       |   157 |   676 |   472 ||  1305
Throw: Dart              |       |       |     7 |       |       |       ||     7
       Boomerang         |       |       |       |     2 |    20 |    46 ||    68
       Javelin           |       |       |       |       |    14 |    10 ||    24
Invok: Berserk           |     3 |     6 |    10 |    10 |    28 |    18 ||    75
       Trog's Hand       |       |       |     1 |     2 |     6 |       ||     9
       Brothers in Arms  |       |       |       |       |       |     1 ||     1
Evoke: Wand              |       |       |       |       |     3 |     2 ||     5
  Use: Scroll            |       |       |       |       |       |    32 ||    32
       Potion            |       |       |       |       |       |     3 ||     3
 Stab: Distracted        |       |       |       |     2 |     2 |       ||     4
       Petrified         |       |       |       |       |     1 |       ||     1
Armor: Animal skin       |    30 |     4 |       |       |       |       ||    34
       Scale mail        |       |    40 |       |       |       |       ||    40
       Chain mail        |       |     7 |    69 |       |       |       ||    76
       Plate armour      |       |       |    20 |   257 |   455 |   312 ||  1044
Dodge: Dodged            |    49 |    51 |    59 |   146 |   284 |   172 ||   761
Block: Other             |       |       |    39 |    95 |   171 |    46 ||   351
       Reflection        |       |       |     1 |     3 |    11 |    10 ||    25

Levels and vault maps discovered:
D:1:      ldierk_walled_garden_2, layout_rooms, minmay_crystal_water
D:2:      layout_rooms, chequers_big_river
D:3:      layout_basic, gammafunk_ghost_abyssal_escape, uniq_terence
D:4:      layout_basic, temple_fountains, chequers_serial_rivers_large_a,
          minmay_misc_feat_four_crosses, st_stairs_8
D:5:      layout_basic
D:6:      nicolae_cairo_tiling_large_dashed, layout_gridville,
          kennysheep_little_box, grunt_ministairs_14
D:7:      layout_basic, serial_shops, nicolae_shop_overgrown_old_shop
D:8:      layout_basic, dpeg_oklobed_lair, serial_shops, kennysheep_mini,
          patterned_corridor
D:9:      minmay_angry_zag, layout_basic
D:10:     lemuel_vampire_tower, layout_irregular_city, serial_shops, shop
D:11:     minmay_tearing_corner, layout_loops_corners, hiddenorc1_lemuel
D:12:     layout_roguey, enter_trove_6, serial_shops, shop,
          minmay_misc_feat_ornament, uniq_gastronok, uniq_erolcha
D:13:     layout_cave_pools, erik_vaults_1, tgw_fedhas
D:14:     layout_irregular_city, nemelex_xobeh_ov_fountains_minmay,
          gauntlet_entry_generic, uniq_louise
D:15:     gammafunk_enter_depths_forms, layout_loops_ring,
          minmay_misc_feat_columns, gammafunk_ghost_berserking_beasts,
          nicolae_kikubaaqudgha_miasma_corner
Lair:1:   layout_gridlike
Lair:2:   layout_concentric_octagons
Lair:3:   layout_gridlike, guppyfry_snake_entry_island
Lair:4:   layout_hall_layers, shoals_dummy_entry, gammafunk_ghost_ooze,
          minivault_26, nicolae_quartered_pool_impasse
Lair:5:   layout_roguey, serial_bayou_ford_a
Lair:6:   minmay_lair_end_enchanted_forest, layout_regular_city, slime_altar_1,
          infiniplex_staircase_pool_2
Snake:1:  layout_gridlike, grunt_megastairs_1
Snake:2:  layout_chambers, serial_shops, shop, nicolae_snake_gridmaze_entwining,
          uniq_aizul
Snake:3:  layout_honeycomb, serial_shops, nicolae_shop_stone
Snake:4:  snake_pit, layout_cave_town, serial_shops, shop,
          nicolae_shop_competitors_out_of_business, shop, nicolae_shop_crystal,
          nicolae_shop_overgrown_old_shop, minmay_snake_pond
Orc:1:    layout_caves, basic_altar, portal_ice_cave_entry_animals_and_master,
          guppyfry_library_mini
Orc:2:    grunt_orc_gardens, layout_caves, grunt_orc_garden, grunt_orc_garden,
          grunt_orc_garden, grunt_orc_garden, serial_shops,
          nicolae_diamond_shop, david_defended_altar_orc

Notes
Turn   | Place    | Note
-------+----------+-------------------------------------------
     0 | D:1      | browni3141 the Minotaur Berserker began the quest for the
                  | Orb.
     0 | D:1      | Reached XP level 1. HP: 19/19 MP: 0/0
    31 | D:1      | Reached XP level 2. HP: 22/27 MP: 1/1
    34 | D:1      | Reached skill level 4 in Axes
    44 | D:1      | Reached skill level 4 in Fighting
   449 | D:1      | Reached ** piety under Trog
   758 | D:2      | Reached XP level 3. HP: 32/33 MP: 2/2
   864 | D:2      | Reached skill level 3 in Armour
  1222 | D:2      | Reached XP level 4. HP: 41/41 MP: 3/3
  1683 | D:3      | Reached skill level 5 in Fighting
  1683 | D:3      | Reached skill level 5 in Axes
  1760 | D:3      | Reached *** piety under Trog
  1905 | D:3      | Noticed Terence
  1911 | D:3      | Killed Terence
  1912 | D:3      | Reached XP level 5. HP: 48/48 MP: 4/4
  2120 | D:3      | Identified the +7 short sword of Compulsion {freeze, rC+}
  2125 | D:3      | Found a transporter.
  2136 | D:3      | Noticed an ogre
  2142 | D:3      | Killed an ogre
  2270 | D:3      | Found a one-way gate to the infinite horrors of the Abyss.
  2270 | D:3      | Noticed indyram44's ghost (amateur DsGl)
  2285 | D:3      | Reached skill level 4 in Armour
  2285 | D:3      | Reached XP level 6. HP: 57/57 MP: 5/5
  2288 | D:3      | Reached skill level 6 in Fighting
  2562 | D:3      | Found a transporter.
  2625 | D:3      | Reached skill level 6 in Axes
  3058 | D:4      | Found a staircase to the Ecumenical Temple.
  3274 | D:4      | Reached XP level 7. HP: 64/64 MP: 6/6
  3771 | D:5      | Entered Level 5 of the Dungeon
  3777 | D:5      | Reached skill level 7 in Fighting
  3841 | D:5      | Reached skill level 7 in Axes
  3936 | D:5      | Reached skill level 5 in Armour
  4092 | D:5      | Identified a +1 robe of resistance
  4098 | D:5      | Reached XP level 8. HP: 72/74 MP: 7/7
  4232 | D:5      | Reached skill level 8 in Fighting
  4232 | D:5      | Reached skill level 8 in Axes
  4930 | D:6      | Found a stormy altar of Qazlal.
  4997 | D:6      | Reached skill level 1 in Throwing
  5050 | D:6      | Reached skill level 6 in Armour
  5110 | D:6      | Reached skill level 2 in Throwing
  5288 | D:6      | Reached skill level 9 in Fighting
  5328 | D:6      | Reached skill level 9 in Axes
  5366 | D:6      | Identified the +7 falchion of Vecvuik {drain, rF- rN+++
                  | Str+4 Dex-2}
  5645 | D:7      | Found Xeot's Assorted Antiques.
  5650 | D:7      | Reached skill level 3 in Throwing
  6329 | D:8      | Reached XP level 9. HP: 80/83 MP: 8/8
  6397 | D:8      | Found a staircase to the Lair.
  6615 | D:8      | Noticed a two-headed ogre
  6646 | D:8      | Killed a two-headed ogre
  6647 | D:8      | Reached skill level 4 in Throwing
  6711 | D:8      | Reached skill level 10 in Fighting
  6711 | D:8      | Reached skill level 7 in Armour
  6718 | D:8      | Reached skill level 10 in Axes
  7472 | D:8      | Found Osiadghi's Assorted Antiques.
  7590 | D:8      | Reached skill level 5 in Throwing
  7800 | D:9      | Noticed a kobold demonologist
  7800 | D:9      | Noticed a kobold demonologist
  7813 | D:9      | Killed a kobold demonologist
  7814 | D:9      | Reached XP level 10. HP: 94/94 MP: 9/9
  7906 | D:9      | Reached skill level 11 in Fighting
  8079 | D:9      | Reached **** piety under Trog
  8080 | D:9      | Reached skill level 11 in Axes
  8080 | D:9      | Reached skill level 6 in Throwing
  8657 | D:9      | Reached skill level 8 in Armour
  8854 | D:10     | Entered Level 10 of the Dungeon
  9084 | D:10     | Reached skill level 7 in Throwing
  9090 | D:10     | Reached skill level 12 in Fighting
  9155 | D:10     | Reached skill level 12 in Axes
  9236 | D:10     | Reached XP level 11. HP: 102/104 MP: 10/10
  9483 | D:10     | Reached skill level 9 in Armour
  9608 | D:10     | Noticed a two-headed ogre
  9615 | D:10     | Killed a two-headed ogre
  9616 | D:10     | Reached skill level 8 in Throwing
  9779 | D:10     | Reached skill level 13 in Fighting
  9913 | D:10     | Reached skill level 13 in Axes
  9966 | D:10     | Reached ***** piety under Trog
 10007 | D:10     | Reached skill level 9 in Throwing
 10413 | D:10     | Found Hiqu Aty's Weapon Shoppe.
 10425 | D:10     | Bought a +6 executioner's axe of freezing for 600 gold
                  | pieces
 10535 | D:10     | Reached XP level 12. HP: 102/115 MP: 11/11
 10846 | D:10     | Found a basalt altar of Yredelemnul.
 11047 | Lair:1   | Entered Level 1 of the Lair of Beasts
 11354 | Lair:1   | Identified the +9 battleaxe "Nishigij" {vorpal, *Rage
                  | *Noise +Blink rPois} (Trog gifted it to you on level 1 of
                  | the Lair of Beasts)
 11354 | Lair:1   | Received a gift from Trog
 11355 | Lair:1   | Reached skill level 10 in Armour
 11412 | Lair:1   | Reached skill level 14 in Fighting
 11600 | Lair:1   | Reached skill level 14 in Axes
 12451 | Lair:2   | Reached skill level 10 in Throwing
 12903 | Lair:3   | Noticed a seven-headed hydra
 12936 | Lair:2   | Reached skill level 1 in Evocations
 13120 | Lair:3   | Killed a nine-headed hydra
 13362 | Lair:3   | Identified the +2 pair of boots of Yjied {Str+2}
 13375 | Lair:3   | Noticed a seven-headed hydra
 13376 | Lair:3   | Found a staircase to the Snake Pit.
 13390 | Lair:3   | Killed an 11-headed hydra
 14011 | Lair:4   | Reached skill level 2 in Evocations
 14037 | Lair:4   | Noticed a catoblepas
 14046 | Lair:4   | Killed a catoblepas
 14231 | Lair:4   | Found a staircase to the Shoals.
 14542 | Lair:4   | Found a runed translucent gate.
 14542 | Lair:4   | Found a runed translucent gate.
 14542 | Lair:4   | Found a runed translucent gate.
 14543 | Lair:4   | Noticed an acid blob
 14544 | Lair:4   | Noticed a rockslime
 14544 | Lair:4   | Noticed an azure jelly
 14544 | Lair:4   | Noticed an acid blob
 14546 | Lair:4   | Noticed a great orb of eyes
 14546 | Lair:4   | Noticed Gyrgh's ghost (journeyman TrBe)
 14546 | Lair:4   | Noticed an azure jelly
 14546 | Lair:4   | Noticed an acid blob
 14546 | Lair:4   | Noticed an acid blob
 14547 | Lair:4   | Noticed an acid blob
 14547 | Lair:4   | Noticed an azure jelly
 14816 | Lair:4   | Found a viscous altar of Jiyva.
 14825 | Lair:5   | Reached skill level 3 in Evocations
 14980 | Lair:5   | Reached XP level 13. HP: 79/125 MP: 12/12
 15631 | Lair:5   | Reached skill level 15 in Fighting
 15921 | Lair:5   | Reached skill level 15 in Axes
 16323 | Lair:6   | Entered Level 6 of the Lair of Beasts
 16410 | Lair:6   | Reached skill level 11 in Armour
 16455 | Lair:6   | Reached skill level 4 in Evocations
 16701 | Lair:6   | Reached skill level 11 in Throwing
 17070 | Lair:6   | Reached skill level 5 in Evocations
 17620 | Lair:6   | Reached skill level 16 in Fighting
 17648 | Lair:6   | Reached XP level 14. HP: 110/137 MP: 13/13
 17649 | Lair:6   | Reached skill level 16 in Axes
 18004 | Lair:6   | Reached skill level 12 in Throwing
 18168 | Lair:6   | Received a gift from Trog
 18522 | Lair:6   | Reached skill level 12 in Armour
 18739 | Lair:6   | Found a viscous altar of Jiyva.
 18740 | Lair:6   | Found a staircase to the Slime Pits.
 20087 | D:11     | Found a staircase to the Orcish Mines.
 20096 | Orc:1    | Entered Level 1 of the Orcish Mines
 20195 | Orc:2    | Entered Level 2 of the Orcish Mines
 20224 | Orc:2    | Found Xacvuheo's Antique Weapon Emporium.
 20449 | Orc:2    | Noticed an orc warlord
 20467 | Orc:2    | Killed an orc warlord
 20468 | Orc:2    | Reached skill level 17 in Fighting
 20680 | Orc:2    | Found Ucob's Antique Armour Shop.
 20902 | Orc:2    | Found Bafanud's General Store.
 20918 | Orc:2    | Bought a +2 pair of gloves for 165 gold pieces
 20944 | Orc:2    | Reached skill level 17 in Axes
 21042 | Orc:2    | Reached skill level 13 in Throwing
 21052 | Orc:2    | Found a staircase to the Elven Halls.
 21183 | Orc:2    | Found Woqut's Jewellery Boutique.
 21195 | Orc:2    | Found Qeag's Assorted Antiques.
 21470 | Orc:1    | Noticed an orc warlord
 21711 | Orc:1    | Reached ****** piety under Trog
 21770 | Orc:2    | Killed an orc warlord
 22006 | Orc:1    | Found a radiant altar of Vehumet.
 22184 | Orc:1    | Reached XP level 15. HP: 110/147 MP: 14/14
 23323 | D:11     | Received a gift from Trog
 23544 | D:11     | Noticed a tengu reaver
 23547 | D:11     | Killed a tengu reaver
 23723 | D:11     | Noticed a fire giant
 23748 | D:11     | Killed a fire giant
 23753 | D:11     | Reached skill level 13 in Armour
 23984 | D:11     | Identified the +9 hunting sling "Spiderbane" {speed, Str+2}
 24306 | D:12     | Reached skill level 18 in Fighting
 24578 | D:12     | Found Tuoponew's Distillery.
 24648 | D:12     | Noticed Erolcha
 24650 | D:12     | Noticed Gastronok
 24652 | D:12     | Reached skill level 18 in Axes
 24664 | D:12     | Killed Erolcha
 24665 | D:12     | Reached skill level 14 in Throwing
 24667 | D:12     | Killed Gastronok
 24754 | D:12     | You fall into a shaft and drop 3 floors!
 24754 | D:15     | Entered Level 15 of the Dungeon
 24754 | D:15     | Found a staircase to the Depths.
 25299 | D:15     | Noticed a shadow dragon
 25300 | D:15     | Noticed JustinTrotter's ghost (adept MfCK)
 25301 | D:15     | Found a transporter.
 25464 | D:15     | Found an ancient bone altar of Kikubaaqudgha.
 25555 | D:15     | Found a transporter.
 26345 | D:14     | Found a sparkling altar of Nemelex Xobeh.
 26418 | D:14     | Noticed Louise
 26419 | D:14     | Found a gate leading to a gauntlet.
 26430 | D:14     | Killed Louise
 26455 | Gauntlet | Entered a Gauntlet
 26455 | Gauntlet | Found a large runed translucent door.
 26455 | Gauntlet | Found a large runed translucent door.
 26455 | Gauntlet | Found a large runed translucent door.
 26455 | Gauntlet | Found a large runed translucent door.
 26455 | Gauntlet | Found a large runed translucent door.
 26455 | Gauntlet | Found a large runed translucent door.
 26455 | Gauntlet | Found a runed translucent door.
 26455 | Gauntlet | Found a transporter.
 26455 | Gauntlet | Found a transporter.
 26455 | Gauntlet | Found a runed translucent door.
 26455 | Gauntlet | Found a large runed translucent door.
 26455 | Gauntlet | Found a large runed translucent door.
 26455 | Gauntlet | Found a large runed translucent door.
 26455 | Gauntlet | Found a large runed translucent door.
 26455 | Gauntlet | Found a large runed translucent door.
 26455 | Gauntlet | Found a large runed translucent door.
 26456 | Gauntlet | Found a large runed translucent door.
 26456 | Gauntlet | Found a large runed translucent door.
 26456 | Gauntlet | Found a large runed translucent door.
 26458 | Gauntlet | Found a runed translucent gate.
 26458 | Gauntlet | Found a runed translucent gate.
 26458 | Gauntlet | Found a runed translucent gate.
 26460 | Gauntlet | Found a transporter.
 26471 | Gauntlet | Found a large runed translucent door.
 26475 | Gauntlet | Found a transporter.
 26490 | Gauntlet | Found a transporter.
 26503 | Gauntlet | Found a transporter.
 26522 | Gauntlet | Found a transporter.
 26592 | Gauntlet | Found a transporter.
 26611 | Gauntlet | Found a transporter.
 26625 | Gauntlet | Found a transporter.
 26638 | Gauntlet | Found a transporter.
 26727 | Gauntlet | Found a transporter.
 26736 | Gauntlet | Found a transporter.
 26738 | Gauntlet | Found a transporter.
 26738 | Gauntlet | Found a transporter.
 26744 | Gauntlet | Found a transporter.
 26983 | Gauntlet | Identified the amulet of Evasoatz {Reflect Harm rC+ Will+
                  | SH+5}
 27079 | Gauntlet | Identified the ring "Kuirgh" {Contam rF+ AC+4 Str+2}
 27145 | Gauntlet | Identified the ring "Doptoadi" {Fly rN++ Will+ Str-5 Int+2}
 27145 | Gauntlet | Identified the +0 robe "Fainkabo" {rPois rN+}
 27145 | Gauntlet | Identified the ring "Lim Wuot" {AC+4 Slay+2}
 27273 | D:13     | Identified the ring "Baraxef" {*Slow rN+ rCorr Dex+2}
 27418 | D:13     | Reached XP level 16. HP: 147/159 MP: 15/15
 27474 | D:13     | Found a gate to the Vaults.
 27594 | D:13     | Received a gift from Trog
 27875 | D:13     | Found a blossoming altar of Fedhas.
 28255 | D:12     | Reached skill level 19 in Fighting
 28473 | D:12     | Found a portal to a secret trove of treasure.
 28999 | D:14     | Reached skill level 14 in Armour
 29578 | Snake:1  | Entered Level 1 of the Snake Pit
 29621 | Snake:1  | Reached skill level 15 in Throwing
 30593 | Snake:1  | Reached skill level 19 in Axes
 31894 | Snake:2  | Noticed Aizul
 31908 | Snake:2  | Killed Aizul
 32179 | Snake:2  | Received a gift from Trog
 32478 | Snake:2  | Found Roes's Jewellery Emporium.
 32483 | Snake:2  | Bought the amulet of Gapsymiesu {RegenMP rElec rC+ Dex+3}
                  | for 916 gold pieces
 32640 | Snake:2  | Found the amulet of Vitality {Regen+ HP+15}
 33350 | Snake:3  | Reached skill level 20 in Fighting
 33524 | Snake:3  | Found Ecwo's Distillery.
 33974 | Snake:3  | Reached skill level 16 in Throwing
 34280 | Snake:3  | Reached skill level 20 in Axes
 34619 | Snake:4  | Entered Level 4 of the Snake Pit
 34648 | Snake:4  | Found Taofuc's Antique Weapon Shoppe.
 34727 | Snake:4  | Reached XP level 17. HP: 133/170 MP: 16/16
 35112 | Snake:4  | Found Duerghino's General Store.
 35140 | Snake:4  | Received a gift from Trog
 35197 | Snake:4  | Bought a condenser vane for 560 gold pieces
 35380 | Snake:4  | Found Zioneust's Antique Armour Shop.
 35409 | Snake:4  | Reached skill level 21 in Axes
 35447 | Snake:4  | Found Seakor's Assorted Antiques.
 36382 | Snake:4  | Reached skill level 22 in Axes
 36383 | Snake:4  | Found Lublon's Antique Armour Boutique.
 37157 | Snake:4  | Received a gift from Trog
 37249 | Snake:4  | Got a serpentine rune of Zot
 37648 | Snake:4  | Bought a scroll of blinking for 105 gold pieces
 37648 | Snake:4  | Bought a scroll of teleportation for 42 gold pieces
 38266 | D:3      | Killed indyram44's ghost
 38567 | D:15     | Gained mutation: Your magical capacity is low. (-10% MP)
                  | [potion of mutation]
 38568 | D:15     | Lost mutation: Your magical capacity is low. (-10% MP)
                  | [potion of mutation]
 38568 | D:15     | Gained mutation: Your spells are a little easier to cast,
                  | but a little less powerful. [potion of mutation]
 38568 | D:15     | Gained mutation: You are clumsy. (Dex -2) [potion of
                  | mutation]
 38568 | D:15     | Gained mutation: Your flesh is heat resistant. (rF+)
                  | [potion of mutation]
 38973 | D:15     | Reached skill level 23 in Axes
 39328 | D:15     | HP: 10/146 [shadow dragon/bolt of negative energy (38)]
 39329 | D:15     | Slain by JustinTrotter's ghost

Vanquished Creatures
  Gastronok (D:12)
  A tengu reaver (D:11)
  4 nagarajas (Snake:4)
  A fire giant (D:11)
  2 orc warlords (Orc:2)
  Aizul (Snake:2)
  Louise (D:14)
  A very ugly thing (D:15)
  A dire elephant (Gauntlet)
  A minotaur (Gauntlet)
  An ettin (D:11)
  A great orb of eyes (D:15)
  A yaktaur captain (D:11)
  A rakshasa (D:15)
  3 fire dragons (D:15)
  An ice dragon (Orc:1)
  Erolcha (D:12)
  15 naga warriors
  2 boulder beetles
  5 salamander tyrants (Snake:4)
  4 catoblepae
  7 hydras
  8 anacondas
  7 centaur warriors
  2 dancing weapons (D:13)
  8 death yaks
  4 two-headed ogres
  A tengu warrior (D:14)
  A hell hog (Gauntlet)
  A deep troll earth mage (D:11)
  5 orc high priests
  11 naga sharpshooters
  7 shock serpents
  4 skeletal warriors (D:12)
  5 salamander mystics (Snake:4)
  5 sea snakes (Snake:4)
  A flayed ghost (D:11)
  6 naga ritualists
  A phantasmal warrior (D:11)
  A deep troll (D:11)
  A harpy (D:15)
  7 orc sorcerers
  4 deep elf pyromancers
  2 mana vipers (Snake:1)
  12 ugly things
  A wolf spider (shapeshifter) (D:15)
  9 cyclopes
  A spectral boulder beetle (D:10)
  2 wolf spiders (D:15)
  5 manticores
  20 salamanders
  15 elephants
  An elephant (shapeshifter) (D:11)
  32 black mambas
  A moth of wrath (D:15)
  13 naga magi
  3 guardian serpents
  A gargoyle (D:14)
  13 cane toads
  9 komodo dragons
  3 kobold demonologists (D:9)
  4 rime drakes
  A queen bee (Gauntlet)
  5 trolls
  4 polar bears
  3 meliai (D:15)
  A wolf spider simulacrum (D:12)
  A wind drake (shapeshifter) (D:11)
  7 hornets
  4 slime creatures (D:15)
  6 blink frogs (Lair:6)
  11 dream sheep
  11 flying skulls (D:10)
  2 spectral black mambas (D:10)
  13 spriggans (Lair:6)
  A culicivora (shapeshifter) (D:15)
  8 wraiths
  3 vampires
  6 shadows
  2 fire bats (Gauntlet)
  3 wyverns
  67 yaks
  A hog (shapeshifter) (D:15)
  6 vampire mosquitoes
  6 basilisks
  8 wargs
  55 nagas
  4 acid dragons
  8 water moccasins
  3 hell hounds
  37 orc warriors
  2 ice beasts
  5 black bears
  2 boulder beetle simulacra (D:10)
  A black mamba simulacrum (D:10)
  11 ogres
  The ghost of indyram44 the Twirler, an amateur DsGl (D:3)
  8 boggarts
  35 wolves
  19 centaurs
  2 kobold brigands
  2 gnoll sergeants
  12 bullfrogs
  3 scorpions
  A water moccasin zombie (D:6)
  A wyvern skeleton (D:7)
  7 killer bees
  2 howler monkeys
  A crimson imp (D:3)
  2 hounds (D:6)
  2 jellies
  7 centaur zombies
  A bullfrog skeleton (D:5)
  14 orc priests
  4 centaur skeletons
  An iron imp (D:3)
  Terence (D:3)
  4 iguanas
  29 orc wizards
  2 hell rats (D:10)
  A killer bee zombie (D:7)
  3 centaur simulacra
  2 hound skeletons (D:4)
  A howler monkey skeleton (D:10)
  11 gnolls
  7 adders
  A white imp (D:8)
  2 ufetubi
  4 dart slugs
  81 orcs
  6 bats
  7 endoplasms
  4 giant cockroaches
  6 goblins
  7 hobgoblins
  2 jackals (D:3)
  2 quokkas
  9 ball pythons
  8 frilled lizards
  20 kobolds
  A quokka skeleton (D:4)
  7 rats
954 creatures vanquished.

Vanquished Creatures (collateral kills)
  A naga warrior (Snake:1)
  A naga (Snake:1)
2 creatures vanquished.

Vanquished Creatures (others)
  63 fungi
  55 plants
  4 toadstools (D:1)
  26 withered plants (Gauntlet)
148 creatures vanquished.

Grand Total: 1104 creatures vanquished

Table legend: (Time is in decaauts)
 A = Elapsed time spent in this place.
 B = Non-inter-level travel time spent in this place.
 C = Inter-level travel time spent in this place.
 D = Time resting spent in this place.
 E = Time spent auto-exploring this place.
 F = Levels seen in this place.
 G = Mean time per level.
                   A        B        C        D        E       F      G
               +--------+--------+--------+--------+--------+-----+--------+
         Total |  40075 |  37334 |   2741 |   8369 |  22508 |  28 | 1431.2 |
       Dungeon |  19543 |  17940 |   1603 |   3810 |  11283 |  15 | 1302.9 |
          Lair |   8835 |   8355 |    480 |   1454 |   5670 |   6 | 1472.5 |
     Snake Pit |   8285 |   7772 |    513 |   1973 |   4338 |   4 | 2071.2 |
  Orcish Mines |   2698 |   2555 |    143 |    992 |   1071 |   2 | 1349.0 |
      Gauntlet |    712 |    712 |      0 |    138 |    145 |   1 |  712.0 |
               +--------+--------+--------+--------+--------+-----+--------+

Top non-repeatable levels by time:
  Lair:6: 2916 daAuts
 Snake:4: 2804 daAuts
    D:15: 2393 daAuts
    D:10: 2266 daAuts
    D:11: 2212 daAuts
 Snake:3: 1953 daAuts
 Snake:1: 1769 daAuts
 Snake:2: 1758 daAuts
  Lair:5: 1646 daAuts
     D:8: 1619 daAuts
   Orc:2: 1605 daAuts
  Lair:3: 1398 daAuts
     D:9: 1321 daAuts
     D:3: 1306 daAuts
    D:13: 1119 daAuts

Table legend:
 A = Non-vault XP
 B = Vault XP
 C = Vault XP percentage of total XP
 D = Non-vault monster count
 E = Vault monster count
 F = Vault count percentage of total count
                 A         B        C        D         E       F
            +---------+---------+-------+---------+---------+-------
      Total |  165454 |  101050 |  37.9 |     675 |     281 |  29.4
            +---------+---------+-------+---------+---------+-------
        D:1 |      40 |       0 |   0.0 |      27 |       0 |   0.0
        D:2 |      66 |       0 |   0.0 |      18 |       0 |   0.0
        D:3 |     308 |     251 |  44.9 |      36 |       6 |  14.3
        D:4 |     384 |       4 |   1.0 |      16 |       2 |  11.1
        D:5 |     837 |       0 |   0.0 |      14 |       0 |   0.0
        D:6 |     711 |     121 |  14.5 |      11 |       2 |  15.4
        D:7 |     237 |       0 |   0.0 |       9 |       0 |   0.0
        D:8 |    1983 |       0 |   0.0 |      21 |       0 |   0.0
        D:9 |    2390 |     657 |  21.6 |      28 |       5 |  15.2
       D:10 |    4269 |   10660 |  71.4 |      26 |      49 |  65.3
       D:11 |    3680 |   15737 |  81.0 |      18 |      38 |  67.9
       D:12 |    7432 |    2312 |  23.7 |      17 |       2 |  10.5
       D:13 |    5306 |    1654 |  23.8 |      16 |       2 |  11.1
       D:14 |   11800 |    1175 |   9.1 |      35 |       1 |   2.8
       D:15 |    4949 |   11220 |  69.4 |      13 |      20 |  60.6
     Lair:1 |    4284 |       0 |   0.0 |      19 |       0 |   0.0
     Lair:2 |    2936 |       0 |   0.0 |      15 |       0 |   0.0
     Lair:3 |    1706 |     489 |  22.3 |       2 |       3 |  60.0
     Lair:4 |    4640 |       0 |   0.0 |      15 |       0 |   0.0
     Lair:5 |    6502 |       0 |   0.0 |      19 |       0 |   0.0
     Lair:6 |   26310 |    9105 |  25.7 |      81 |      48 |  37.2
    Snake:1 |   13804 |    3235 |  19.0 |      32 |       4 |  11.1
    Snake:2 |    9812 |    1239 |  11.2 |      27 |       1 |   3.6
    Snake:3 |   18206 |     764 |   4.0 |      39 |       1 |   2.5
    Snake:4 |   24656 |   23769 |  49.1 |      43 |      37 |  46.2
      Orc:1 |    4232 |    3312 |  43.9 |      49 |      17 |  25.8
      Orc:2 |    3974 |   10201 |  72.0 |      29 |      30 |  50.8
   Gauntlet |       0 |    5145 | 100.0 |       0 |      13 | 100.0
            +---------+---------+-------+---------+---------+-------
